TOP OF THE 1ST |
Greeneville Astros batting - Pitching for Orem Owlz : RHP Jon Shonka
|
Pitching: RHP Jon Shonka
|
|
Batting: RHB Mike Griffin
|
0-0: Ball 1-0: Called Strike 1-1: Swinging Strike 1-2: SINGLE (Line Drive, 56D, EV 101.2 MPH)
|
Batting: LHB Bruce Arvizu
|
0-0: Called Strike 0-1: Ball Wild Pitch! Mike Griffin to second 1-1: Ball 2-1: Foul Ball, location: 2F 2-2: Ground out U3 (Groundball, 3L, EV 94.4 MPH) Mike Griffin to third
|
Batting: LHB Danny Wolver
|
0-0: Called Strike 0-1: Ball 1-1: Ball 2-1: Foul Ball, location: 2F 2-2: Ball 3-2: Base on Balls
|
Batting: RHB Juan Mendoza
|
0-0: SINGLE (Line Drive, 78M, EV 102.5 MPH) Mike Griffin scores Danny Wolver to second
|
Batting: LHB Daigo Ishii
|
0-0: Swinging Strike 0-1: Foul Ball, location: 2F 0-2: Foul Ball, location: 2F 0-2: Ball 1-2: DOUBLE (Groundball, 5L, EV 105.6 MPH) Danny Wolver scores Juan Mendoza to third
|
Batting: RHB Andrew Pride
|
0-0: Ball 1-0: Ball 2-0: Called Strike 2-1: Fly out, F7 (Flyball, 78M, EV 79.4 MPH)
|
Batting: SHB Chris Keziah
|
0-0: Foul Ball, location: 2F 0-1: Foul Ball, location: 2F 0-2: Foul Ball, location: 2F 0-2: DOUBLE (Line Drive, 78XD, EV 100.0 MPH) Juan Mendoza scores Daigo Ishii scores
|
Batting: RHB Russ Greer
|
0-0: Ball 1-0: Ball 2-0: Ball 3-0: Base on Balls
|
Batting: RHB Jarno van Lente
|
0-0: Ball 1-0: Ball 2-0: Foul Ball, location: 2F 2-1: Ball 3-1: Foul Ball, location: 2F 3-2: Base on Balls Chris Keziah to third Russ Greer to second
|
Batting: RHB Mike Griffin
|
0-0: Ball 1-0: Called Strike 1-1: Called Strike 1-2: SINGLE (Line Drive, 56, EV 96.9 MPH) Chris Keziah scores Russ Greer to third Jarno van Lente to second Runner from 3rd tries for Home, throw by LF and OUT! 7-2
|
Top of the 1st over - 5 runs, 5 hits, 0 errors, 2 left on base; Greeneville 5 - Orem 0 |
BOTTOM OF THE 1ST |
Orem Owlz batting - Pitching for Greeneville Astros : RHP Moises Hernandez Jr.
|
Pitching: RHP Moises Hernandez Jr.
|
|
Batting: RHB Josh Faulconer
|
0-0: Ball 1-0: Called Strike 1-1: SINGLE (Groundball, 15S, EV 62.5 MPH) (infield hit)
|
Batting: RHB Nick Lombardo
|
0-0: Ball Josh Faulconer is caught stealing 2nd base 2-4 1-0: Ground out 6-3 (Groundball, 6, EV 91.2 MPH)
|
Batting: LHB Matthew Bale
|
0-0: Ball 1-0: Ground out U3 (Groundball, 34S, EV 71.9 MPH)
|
Bottom of the 1st over - 0 runs, 1 hit, 0 errors, 0 left on base; Greeneville 5 - Orem 0 |
TOP OF THE 2ND |
Greeneville Astros batting - Pitching for Orem Owlz : RHP Jon Shonka
|
Batting: LHB Bruce Arvizu
|
0-0: Ball 1-0: Swinging Strike 1-1: Ball 2-1: Ball 3-1: Base on Balls
|
Batting: LHB Danny Wolver
|
0-0: Called Strike 0-1: Called Strike 0-2: Ball 1-2: Ball 2-2: DOUBLE (Line Drive, 78D, EV 103.1 MPH) Bruce Arvizu to third Bruce Arvizu scores
|
Batting: RHB Juan Mendoza
|
0-0: Ball 1-0: Foul Ball, location: 2F 1-1: Ball 2-1: 2-RUN HOME RUN (Flyball, 89XD, EV 114.4 MPH), Distance : 420 ft
|
Pitching: RHP Kyle Gray
|
|
Batting: LHB Daigo Ishii
|
0-0: Ball 1-0: Called Strike 1-1: Ground out 4-3 (Groundball, 4, EV 85.0 MPH)
|
Batting: RHB Andrew Pride
|
0-0: Called Strike 0-1: Fly out, F8 (Flyball, 8RD, EV 106.2 MPH)
|
Batting: SHB Chris Keziah
|
0-0: Ball 1-0: Ground out 6-3 (Groundball, P, EV 80.6 MPH)
|
Top of the 2nd over - 3 runs, 2 hits, 0 errors, 0 left on base; Greeneville 8 - Orem 0 |
BOTTOM OF THE 2ND |
Orem Owlz batting - Pitching for Greeneville Astros : RHP Moises Hernandez Jr.
|
Batting: RHB T.J. Gray
|
0-0: Foul Ball, location: 2F 0-1: Ball 1-1: Ground out 6-3 (Groundball, 6, EV 85.6 MPH)
|
Batting: LHB Mario Anguiano
|
0-0: Ground out 6-3 (Groundball, 4D, EV 101.9 MPH)
|
Batting: LHB Alberto Carrillo
|
0-0: Ball 1-0: Swinging Strike 1-1: Foul Ball, location: 2F 1-2: Ball 2-2: Fly out, F5 (Popup, 56S, EV 80.0 MPH)
|
Bottom of the 2nd over - 0 runs, 0 hits, 0 errors, 0 left on base; Greeneville 8 - Orem 0 |
TOP OF THE 3RD |
Greeneville Astros batting - Pitching for Orem Owlz : RHP Kyle Gray
|
Batting: RHB Russ Greer
|
0-0: Ball 1-0: Called Strike 1-1: Ground out 5-3 (Groundball, 56, EV 86.2 MPH)
|
Batting: RHB Jarno van Lente
|
0-0: Ball 1-0: Ball 2-0: Called Strike 2-1: Foul Ball, location: 2F 2-2: Ball 3-2: Base on Balls
|
Batting: RHB Mike Griffin
|
0-0: Ball 1-0: Ball 2-0: Fly out, F8 (Line Drive, 8LD, EV 90.6 MPH)
|
Batting: LHB Bruce Arvizu
|
0-0: Called Strike 0-1: Ball 1-1: Called Strike 1-2: Foul Ball, location: 2F 1-2: Ball 2-2: Ball 3-2: Base on Balls Jarno van Lente to second
|
Batting: LHB Danny Wolver
|
0-0: Called Strike 0-1: Fly out, F7 (Flyball, 7S, EV 86.2 MPH)
|
Top of the 3rd over - 0 runs, 0 hits, 0 errors, 2 left on base; Greeneville 8 - Orem 0 |
BOTTOM OF THE 3RD |
Orem Owlz batting - Pitching for Greeneville Astros : RHP Moises Hernandez Jr.
|
Batting: RHB Timoleon Tsikouna
|
0-0: Called Strike 0-1: Ball 1-1: Foul Ball, location: 2F 1-2: Strikes out looking
|
Batting: RHB Dan Burkhart
|
0-0: Ball 1-0: Ball 2-0: Ball 3-0: Called Strike 3-1: Hit by Pitch
|
Batting: RHB Areda Obote
|
0-0: Ball 1-0: Ball Wild Pitch! Dan Burkhart to second 2-0: Ball 3-0: Base on Balls
|
Batting: RHB Josh Faulconer
|
0-0: Ball 1-0: Ball 2-0: Fielders Choice at 2nd, 6-4 (Groundball, 6, EV 83.8 MPH) Dan Burkhart to third
|
Batting: RHB Nick Lombardo
|
0-0: Ball Josh Faulconer steals 2nd base 1-0: Foul Ball, location: 2F 1-1: Swinging Strike 1-2: Strikes out swinging
|
Bottom of the 3rd over - 0 runs, 0 hits, 0 errors, 2 left on base; Greeneville 8 - Orem 0 |
TOP OF THE 4TH |
Greeneville Astros batting - Pitching for Orem Owlz : RHP Kyle Gray
|
Batting: RHB Juan Mendoza
|
0-0: Called Strike 0-1: Foul Ball, location: 2F 0-2: Foul Ball, location: 2F 0-2: SINGLE (Line Drive, 6MD, EV 101.2 MPH)
|
Batting: LHB Daigo Ishii
|
0-0: Ball 1-0: Foul Ball, location: 2F 1-1: Swinging Strike 1-2: 2-RUN HOME RUN (Flyball, 89XD, EV 111.9 MPH), Distance : 413 ft
|
Pitching: RHP Winikeneke Keikemamake
|
|
Batting: RHB Andrew Pride
|
0-0: Reached on error, E5 (Groundball, 5, EV 83.1 MPH)
|
Batting: SHB Chris Keziah
|
0-0: Ball 1-0: Foul Ball, location: 2F 1-1: Grounds into double play, 4-6-3 (Groundball, 34D, EV 85.6 MPH)
|
Batting: RHB Russ Greer
|
0-0: Fly out, F9 (Line Drive, 9, EV 108.8 MPH)
|
Top of the 4th over - 2 runs, 2 hits, 1 error, 0 left on base; Greeneville 10 - Orem 0 |
BOTTOM OF THE 4TH |
Orem Owlz batting - Pitching for Greeneville Astros : RHP Moises Hernandez Jr.
|
Batting: LHB Matthew Bale
|
0-0: Ball 1-0: Ball 2-0: Called Strike 2-1: Foul Ball, location: 2F 2-2: Foul Ball, location: 2F 2-2: Ball 3-2: Ground out 4-3 (Groundball, 4, EV 87.5 MPH)
|
Batting: RHB T.J. Gray
|
0-0: Fly out, F9 (Flyball, 9S, EV 96.2 MPH)
|
Batting: LHB Mario Anguiano
|
0-0: Ball 1-0: Foul Ball, location: 2F 1-1: Called Strike 1-2: Ball 2-2: SINGLE (Line Drive, 78M, EV 93.1 MPH)
|
Batting: LHB Alberto Carrillo
|
Pickoff Throw to First - Out! 1-3
|
Bottom of the 4th over - 0 runs, 1 hit, 0 errors, 0 left on base; Greeneville 10 - Orem 0 |
TOP OF THE 5TH |
Greeneville Astros batting - Pitching for Orem Owlz : RHP Winikeneke Keikemamake
|
Batting: RHB Jarno van Lente
|
0-0: Ball 1-0: Swinging Strike 1-1: Foul Ball, location: 2F 1-2: Ground out 4-3 (Groundball, 4M, EV 101.2 MPH)
|
Batting: RHB Mike Griffin
|
0-0: Called Strike 0-1: Ball 1-1: Called Strike 1-2: Ball 2-2: Ball 3-2: Base on Balls
|
Batting: LHB Bruce Arvizu
|
0-0: Ball 1-0: Called Strike 1-1: Ball 2-1: DOUBLE (Flyball, 8LXD, EV 97.5 MPH) Mike Griffin to third
|
Pitching: LHP Jamie Diebel
|
|
Batting: LHB Danny Wolver
|
0-0: Ball 1-0: Called Strike 1-1: Fly out, F9 (Flyball, 9S, EV 89.4 MPH)
|
Batting: RHB Juan Mendoza
|
0-0: Called Strike 0-1: SINGLE (Line Drive, 4D, EV 102.5 MPH) Mike Griffin scores Bruce Arvizu to third Runner from 3rd tries for Home, SAFE, throw by CF to home
|
Batting: LHB Daigo Ishii
|
0-0: Ball 1-0: Foul Ball, location: 2F 1-1: Ball 2-1: Swinging Strike 2-2: Foul Ball, location: 2F 2-2: Foul Ball, location: 2F 2-2: Ball 3-2: Strikes out swinging
|
Top of the 5th over - 2 runs, 2 hits, 0 errors, 1 left on base; Greeneville 12 - Orem 0 |
BOTTOM OF THE 5TH |
Orem Owlz batting - Pitching for Greeneville Astros : RHP Moises Hernandez Jr.
|
Batting: LHB Alberto Carrillo
|
0-0: Ball 1-0: Fly out, F9 (Flyball, 9S, EV 82.5 MPH)
|
Batting: RHB Timoleon Tsikouna
|
0-0: Ball 1-0: Foul Ball, location: 2F 1-1: Foul Ball, location: 2F 1-2: Fly out, F7 (Flyball, 7S, EV 80.0 MPH)
|
Batting: RHB Dan Burkhart
|
0-0: Called Strike 0-1: Called Strike 0-2: Foul Ball, location: 2F 0-2: Strikes out looking
|
Bottom of the 5th over - 0 runs, 0 hits, 0 errors, 0 left on base; Greeneville 12 - Orem 0 |
TOP OF THE 6TH |
Greeneville Astros batting - Pitching for Orem Owlz : LHP Jamie Diebel
|
Batting: RHB Andrew Pride
|
0-0: Called Strike 0-1: Ball 1-1: Foul Ball, location: 2F 1-2: Foul Ball, location: 2F 1-2: Ball 2-2: DOUBLE (Line Drive, 9LM, EV 101.2 MPH)
|
Pitching: RHP Wilford Harper
|
|
Batting: SHB Chris Keziah
|
0-0: Called Strike 0-1: Called Strike 0-2: Ball 1-2: Ball 2-2: Strikes out swinging
|
Batting: RHB Russ Greer
|
0-0: SINGLE (Groundball, 56D, EV 101.9 MPH) Andrew Pride to third
|
Batting: RHB Jarno van Lente
|
0-0: Called Strike 0-1: Called Strike 0-2: Strikes out looking
|
Batting: RHB Mike Griffin
|
0-0: Ball 1-0: SINGLE (Groundball, 56, EV 101.2 MPH) Andrew Pride scores Russ Greer to second
|
Batting: LHB Bruce Arvizu
|
0-0: Ball 1-0: Ball Wild Pitch! Russ Greer to third Mike Griffin to second 2-0: SINGLE (Line Drive, 5D, EV 96.9 MPH) Russ Greer scores Mike Griffin to third Runner from 3rd tries for Home, SAFE, throw by LF to home
|
Batting: LHB Danny Wolver
|
0-0: Ball 1-0: Swinging Strike 1-1: Ball 2-1: Ball 3-1: Swinging Strike 3-2: Base on Balls Bruce Arvizu to second
|
Pitching: RHP Mutsuo IIda
|
|
Batting: RHB Juan Mendoza
|
0-0: Ball 1-0: Ball 2-0: Foul Ball, location: 2F 2-1: Ball Wild Pitch! Bruce Arvizu to third Danny Wolver to second 3-1: Base on Balls
|
Batting: LHB Daigo Ishii
|
0-0: Called Strike 0-1: Ball 1-1: GRAND SLAM HOME RUN (Flyball, 9LD, EV 91.9 MPH), Distance : 347 ft
|
Batting: RHB Andrew Pride
|
0-0: Foul Ball, location: 2F 0-1: Ball 1-1: Called Strike 1-2: Ball 2-2: Ball 3-2: Foul Ball, location: 2F 3-2: SINGLE (Line Drive, 78S, EV 112.5 MPH)
|
Batting: SHB Chris Keziah
|
0-0: Ball 1-0: Called Strike 1-1: Swinging Strike 1-2: Ball 2-2: Ball 3-2: Base on Balls Andrew Pride to second
|
Batting: RHB Russ Greer
|
0-0: Swinging Strike 0-1: Ball 1-1: Called Strike 1-2: Ball 2-2: Ball 3-2: Base on Balls Andrew Pride to third Chris Keziah to second
|
Batting: RHB Jarno van Lente
|
0-0: Called Strike 0-1: Ball Wild Pitch! Andrew Pride scores Chris Keziah to third Russ Greer to second 1-1: Ball Wild Pitch! Chris Keziah scores Russ Greer to third 2-1: Ground out 4-3 (Groundball, 4M, EV 87.5 MPH)
|
Top of the 6th over - 9 runs, 6 hits, 0 errors, 1 left on base; Greeneville 21 - Orem 0 |
BOTTOM OF THE 6TH |
Orem Owlz batting - Pitching for Greeneville Astros : RHP Moises Hernandez Jr.
|
Batting: RHB Areda Obote
|
0-0: Ball 1-0: Called Strike 1-1: Foul Ball, location: 2F 1-2: Strikes out swinging
|
Batting: RHB Josh Faulconer
|
0-0: Ball 1-0: Foul Ball, location: 2F 1-1: Swinging Strike 1-2: Strikes out swinging
|
Batting: RHB Nick Lombardo
|
0-0: Ball 1-0: Ball 2-0: Ball 3-0: Called Strike 3-1: Base on Balls
|
Batting: LHB Matthew Bale
|
0-0: Called Strike 0-1: Ball 1-1: Ball 2-1: DOUBLE (Flyball, 78D, EV 96.2 MPH) Nick Lombardo to third Runner from 3rd tries for Home, SAFE, no throw by LF
|
Batting: RHB T.J. Gray
|
0-0: Ball 1-0: Foul Ball, location: 2F 1-1: Called Strike 1-2: Foul Ball, location: 2F 1-2: Ball 2-2: Strikes out looking
|
Bottom of the 6th over - 1 run, 1 hit, 0 errors, 1 left on base; Greeneville 21 - Orem 1 |
TOP OF THE 7TH |
Greeneville Astros batting - Pitching for Orem Owlz : RHP Mutsuo IIda
|
Batting: RHB Mike Griffin
|
0-0: Called Strike 0-1: Ball 1-1: Ball 2-1: Foul Ball, location: 2F 2-2: Ground out U3 (Groundball, 3, EV 84.4 MPH)
|
Batting: LHB Bruce Arvizu
|
0-0: Reached on error, E4 (Groundball, 4, EV 80.6 MPH)
|
Batting: LHB Danny Wolver
|
0-0: Fielders Choice at 2nd, 5-4 (Groundball, 56, EV 80.6 MPH)
|
Batting: RHB Juan Mendoza
|
0-0: Ball 1-0: Ball 2-0: Ball 3-0: Base on Balls Danny Wolver to second
|
Batting: LHB Daigo Ishii
|
0-0: Ball 1-0: Ball 2-0: Ball 3-0: Called Strike 3-1: Base on Balls Danny Wolver to third Juan Mendoza to second
|
Batting: RHB Andrew Pride
|
0-0: Called Strike 0-1: Foul Ball, location: 2F 0-2: Ball 1-2: Foul Ball, location: 2F 1-2: Strikes out swinging
|
Top of the 7th over - 0 runs, 0 hits, 1 error, 3 left on base; Greeneville 21 - Orem 1 |
BOTTOM OF THE 7TH |
Orem Owlz batting - Pitching for Greeneville Astros : RHP Moises Hernandez Jr.
|
Batting: LHB Mario Anguiano
|
0-0: Ball 1-0: Foul Ball, location: 2F 1-1: Ball 2-1: Foul Ball, location: 2F 2-2: Ball 3-2: Foul Ball, location: 2F 3-2: Base on Balls
|
Batting: LHB Alberto Carrillo
|
0-0: Foul Ball, location: 2F 0-1: Foul Ball, location: 2F 0-2: Foul Ball, location: 2F 0-2: Strikes out swinging
|
Batting: RHB Timoleon Tsikouna
|
0-0: Ball 1-0: Foul Ball, location: 2F 1-1: Swinging Strike 1-2: Fly out, F8 (Flyball, 8LXD, EV 107.5 MPH)
|
Batting: RHB Dan Burkhart
|
0-0: Ball 1-0: Called Strike 1-1: Foul Ball, location: 2F 1-2: Ball 2-2: Foul Ball, location: 2F 2-2: Ball 3-2: Base on Balls Mario Anguiano to second
|
Batting: RHB Areda Obote
|
0-0: Called Strike 0-1: Hit by Pitch Mario Anguiano to third Dan Burkhart to second
|
Batting: RHB Josh Faulconer
|
0-0: Foul Ball, location: 2F 0-1: Ball 1-1: Called Strike 1-2: Foul Ball, location: 2F 1-2: Foul Ball, location: 2F 1-2: Foul Ball, location: 2F 1-2: Ball 2-2: Ball 3-2: Base on Balls Mario Anguiano scores Dan Burkhart to third Areda Obote to second
|
Pitching: RHP Hector Carrillo
|
|
Batting: RHB Nick Lombardo
|
0-0: Foul Ball, location: 2F 0-1: Swinging Strike 0-2: Ball 1-2: Strikes out swinging
|
Bottom of the 7th over - 1 run, 0 hits, 0 errors, 3 left on base; Greeneville 21 - Orem 2 |
TOP OF THE 8TH |
Greeneville Astros batting - Pitching for Orem Owlz : RHP Mutsuo IIda
|
Batting: SHB Chris Keziah
|
0-0: Called Strike 0-1: Swinging Strike 0-2: Foul Ball, location: 2F 0-2: Strikes out swinging
|
Batting: RHB Russ Greer
|
0-0: Ball 1-0: Swinging Strike 1-1: Ball 2-1: Foul Ball, location: 2F 2-2: Strikes out swinging
|
Batting: RHB Jarno van Lente
|
0-0: Foul Ball, location: 2F 0-1: Foul Ball, location: 2F 0-2: Foul Ball, location: 2F 0-2: Foul Ball, location: 2F 0-2: Ball 1-2: Ball 2-2: Ground out 6-3 (Groundball, 56, EV 105.0 MPH)
|
Top of the 8th over - 0 runs, 0 hits, 0 errors, 0 left on base; Greeneville 21 - Orem 2 |
BOTTOM OF THE 8TH |
Orem Owlz batting - Pitching for Greeneville Astros : RHP Hector Carrillo
|
Batting: LHB Matthew Bale
|
0-0: Swinging Strike 0-1: Fly out, F7 (Line Drive, 7, EV 94.4 MPH)
|
Batting: RHB T.J. Gray
|
0-0: Called Strike 0-1: Foul Ball, location: 2F 0-2: Fly out, F2 (Popup, 25F, EV 83.1 MPH)
|
Batting: LHB Mario Anguiano
|
0-0: Ground out 6-3 (Groundball, 6M, EV 76.9 MPH)
|
Bottom of the 8th over - 0 runs, 0 hits, 0 errors, 0 left on base; Greeneville 21 - Orem 2 |
TOP OF THE 9TH |
Greeneville Astros batting - Pitching for Orem Owlz : RHP Mutsuo IIda
|
Batting: RHB Mike Griffin
|
0-0: Ball 1-0: Swinging Strike 1-1: SINGLE (Groundball, 34D, EV 100.6 MPH)
|
Batting: LHB Bruce Arvizu
|
0-0: Ball 1-0: Foul Ball, location: 2F 1-1: Foul Ball, location: 2F 1-2: Ball 2-2: Ball 3-2: DOUBLE (Line Drive, 78D, EV 113.1 MPH) Mike Griffin to third Runner from 3rd tries for Home, SAFE, no throw by LF
|
Batting: LHB Danny Wolver
|
0-0: Ball 1-0: DOUBLE (Line Drive, 7LM, EV 97.5 MPH) Bruce Arvizu scores
|
Batting: RHB Juan Mendoza
|
0-0: Fly out, F8 (Line Drive, 8LM, EV 92.5 MPH)
|
Batting: LHB Daigo Ishii
|
0-0: Ball 1-0: Ball 2-0: Foul Ball, location: 2F 2-1: Ball 3-1: Base on Balls
|
Batting: RHB Andrew Pride
|
0-0: Ball 1-0: Ball 2-0: Ball Wild Pitch! Danny Wolver to third Daigo Ishii to second 3-0: Called Strike 3-1: Foul Ball, location: 2F 3-2: Foul Ball, location: 2F 3-2: Strikes out swinging
|
Batting: SHB Chris Keziah
|
0-0: Foul Ball, location: 2F 0-1: Ball 1-1: Ball 2-1: Ball 3-1: Base on Balls
|
Batting: RHB Russ Greer
|
0-0: SINGLE (Line Drive, 8RS, EV 88.1 MPH) Danny Wolver scores Daigo Ishii to third Chris Keziah to second Runner from 3rd tries for Home, SAFE, throw by CF to home
|
Batting: RHB Jarno van Lente
|
0-0: Ball 1-0: Fielders Choice at 2nd, 5-4 (Groundball, 5, EV 83.8 MPH)
|
Top of the 9th over - 4 runs, 4 hits, 0 errors, 2 left on base; Greeneville 25 - Orem 2 |
BOTTOM OF THE 9TH |
Orem Owlz batting - Pitching for Greeneville Astros : RHP Hector Carrillo
|
Batting: LHB Alberto Carrillo
|
0-0: Ball 1-0: Ball 2-0: Ball 3-0: Base on Balls
|
Batting: RHB Timoleon Tsikouna
|
0-0: Foul Ball, location: 2F 0-1: Ball 1-1: Swinging Strike 1-2: DOUBLE (Flyball, 89XD, EV 101.9 MPH) Alberto Carrillo to third
|
Batting: RHB Dan Burkhart
|
0-0: Called Strike 0-1: Ball 1-1: Swinging Strike 1-2: Ball 2-2: Foul Ball, location: 2F 2-2: Ball 3-2: Foul Ball, location: 2F 3-2: Foul Ball, location: 2F 3-2: Strikes out looking
|
Batting: RHB Areda Obote
|
0-0: Called Strike 0-1: Called Strike 0-2: Foul Ball, location: 2F 0-2: Fly out, F9 (Flyball, 9LM, EV 103.8 MPH) Runner from 3rd tags up, SCORES, no throw by RF
|
Batting: RHB Josh Faulconer
|
0-0: Ball 1-0: Ball 2-0: Called Strike 2-1: Called Strike 2-2: Strikes out looking
|
Bottom of the 9th over - 1 run, 1 hit, 0 errors, 1 left on base; Greeneville 25 - Orem 3 |
|